 Dungeon Crawl Stone Soup version 0.20.1-1-g8b1a95d (console) character file.

2901 hilaritas the Covert (level 9, -4/46 HPs)
             Began as a Felid Fighter on Oct 16, 2017.
             Was an Elder of Trog.
             Slain by a large abomination (26 damage)
             ... on level 2 of the Abyss.
             The game lasted 00:24:07 (10702 turns).

hilaritas the Covert (Felid Fighter)               Turns: 10702, Time: 00:24:08

Health: -4/46      AC:  8    Str: 15    XL:     9   Next: 49%
Magic:  10/10      EV: 23    Int: 11    God:    Trog [****..]
Gold:   816        SH:  0    Dex: 11    Spells: 8/8 levels left
                                        Lives:  0   Deaths: 3

rFire    . . .     SeeInvis +     - Unarmed
rCold    . . .     Gourm    .   (shield unavailable)
rNeg     . . .     Faith    .   (armour unavailable)
rPois    .         Spirit   .   (helmet unavailable)
rElec    .         Reflect  .   (cloak unavailable)
rCorr    .         Harm     .   (gloves unavailable)
MR       +....                  (boots unavailable)
Stlth    ++++++....             (no amulet)
Regen    0.2/turn               d - ring of stealth
MPRegen  0.2/turn               e - +6 ring of protection

@: quick
A: no armour, no weapons or thrown items, stealth, claws 1, fangs 3, see
invisible, carnivore 3, [clumsy 2], speed 1, shaggy fur 2, slow metabolism 1,
sharp paws
a: Berserk, Trog's Hand, Brothers in Arms, Burn Spellbooks, Renounce Religion


You were on level 2 of the Abyss.
You worshipped Trog.
Trog was greatly pleased with you.
You were not hungry.

You visited 1 branch of the dungeon, and saw 10 of its levels.
You visited the Abyss 1 time.

You collected 816 gold pieces.

Inventory:

Jewellery
 d - a ring of stealth (left paw)
 e - a +6 ring of protection (right paw)
 s - a +2 ring of dexterity
Wands
 t - a wand of iceblast (9/15)
 y - a wand of confusion (14/48)
 z - a wand of flame (25/48)
Scrolls
 c - 4 scrolls of identify
 f - 2 scrolls of blinking
 h - a scroll of teleportation
 k - 3 scrolls of magic mapping
 u - 4 scrolls of remove curse
Potions
 a - 2 potions of might
 g - 5 potions of agility {unknown}
 i - a potion of lignification
 j - 3 potions of curing
 l - 2 potions of cancellation {unknown}
 m - 3 potions of brilliance {unknown}
 n - 2 potions of flight {unknown}
 o - 4 potions of haste
 p - a potion of ambrosia {unknown}
 q - 4 potions of heal wounds {unknown}
 r - a potion of resistance {unknown}
 w - a potion of berserk rage {unknown}
 A - a potion of magic {unknown}
 B - 2 potions of invisibility {unknown}
Books
 v - a book of Maledictions

   Spells                             Type                      Level
   a - Corona                         Hexes                        1
   b - Ensorcelled Hibernation        Hexes/Ice                    2
   c - Confuse                        Hexes                        3
   d - Tukima's Dance                 Hexes                        3
   e - Dazzling Spray                 Conjuration/Hexes            3
   Trog disapproves of the use of such an item.
 C - a book of Conjurations

   Spells                             Type                      Level
   a - Magic Dart                     Conjuration                  1
   b - Searing Ray                    Conjuration                  2
   c - Dazzling Spray                 Conjuration/Hexes            3
   d - Fulminant Prism                Conjuration/Hexes            4
   e - Force Lance                    Conjuration/Translocation    4
   f - Iskenderun's Mystic Blast      Conjuration                  4
   Trog disapproves of the use of such an item.
 D - Wumih's Compendium of Stones
   (You found it on level 2 of the Abyss)

   Spells                             Type                      Level
   a - Sandblast                      Earth                        1
   b - Leda's Liquefaction            Hexes/Earth                  4
   c - Bolt of Magma                  Conjuration/Fire/Earth       5
   d - Statue Form                    Transmutation/Earth          6
   Trog disapproves of the use of such an item.
Comestibles
 b - 6 meat rations
 x - 3 royal jellies


   Skills:
 * Level 9.7 Fighting
 - Level 10.3 Dodging
 - Level 10.8 Stealth
 - Level 10.0 Unarmed Combat


You had 8 spell levels left.
You didn't know any spells.

Dungeon Overview and Level Annotations

Branches:
Dungeon (10/15)            Temple (0/1) D:7             Orc (0/2) D:9
   Lair: D:8-11

Altars:
Cheibriados
Dithmenos
Elyvilon
Makhleb
Nemelex Xobeh
Qazlal
Ru
Sif Muna
Trog
Uskayaw
Vehumet
Zin
The Shining One
Beogh

Shops:
D:7 [

Annotations:
D:10 Sonja


Innate Abilities, Weirdness & Mutations

You cannot wear armour.
You are incapable of wielding weapons or throwing items.
Your paws allow you to move quietly. (Stealth)
You have sharp claws.
You have razor-sharp teeth.
You have supernaturally acute eyesight. (SInv)
You are carnivorous and can eat meat at any time.
You cover ground quickly.
You are covered in thick fur. (AC +2)
You have a slow metabolism.
Your sharp claws are effective at attacking unaware monsters.
[You are very clumsy. (Dex -4)]


Message History

You mangle the large abomination!!
The large abomination is severely damaged.
The large abomination misses you.
You scratch the large abomination but do no damage.
The large abomination is severely damaged.
The wretched star pulses with an eldritch light!
You feel clumsy. x2
The large abomination hits you!
You scratch the large abomination.
The large abomination is severely damaged.
You claw the large abomination!
You claw the large abomination, but do no damage.
The large abomination is almost destroyed.
The large abomination barely misses you.
You scratch the large abomination but do no damage.
You bite the large abomination, but do no damage.
The large abomination is almost destroyed.
The large abomination hits you!!
Ouch! That really hurt!
You die...

.# .... .. .. ....
..! ...... #..# ..#
?.....##..##..# .
............. .
..... ..... ... ...
#X*# ..# . . #
##@.# ..##..
....##.............
...................
.##...#...##..... #
#.##....#......# .
# #. ..###...#.#.
.#. #...#.#....# .
# # ##.... #.#...#
. . # .##. . #...
.### # ..##. #.
##.# # ...#. #. ##
.#


You could see a wretched star and a large abomination.

Vanquished Creatures
  A two-headed ogre (D:8)
  The ghost of Ymberto the Thaumaturge, a novice DEFE (D:5)
  The ghost of Thaneod the Shield-Bearer, a novice MiFi of Trog (D:7)
  Prince Ribbit (D:7)
  A hippogriff (D:9)
  Eustachio (D:6)
  3 fire bats (Abyss:2)
  Menkaure (D:4)
  A water moccasin (D:9)
  3 orc warriors
  Duvessa (D:4)
  2 ice beasts
  A phantom (D:4)
  2 sky beasts
  7 ogres
  A centaur (D:5)
  2 crocodiles
  Blork the orc (D:4)
  6 bullfrogs
  A wyvern zombie (D:6)
  3 scorpions
  Dowan (D:4)
  6 killer bees (D:7)
  A centaur zombie (D:8)
  4 crimson imps
  2 bullfrog zombies
  5 orc priests
  6 hounds
  2 jellies
  A bullfrog skeleton (D:9)
  2 centaur skeletons
  18 orc wizards
  Natasha (thrice) (D:3 D:6)
  3 iguanas
  8 worker ants
  A mummy (D:9)
  Robin (D:4)
  16 adders
  4 gnolls (D:2)
  4 oozes
  An adder skeleton (D:9)
  4 worms
  A dart slug (D:1)
  4 leopard geckos
  50 orcs
  6 giant cockroaches
  11 goblins
  12 hobgoblins
  17 jackals
  2 quokkas
  3 ball pythons
  11 bats
  7 frilled lizards
  4 goblin skeletons (D:4)
  4 hobgoblin zombies (D:4)
  8 kobolds
  A kobold zombie (D:4)
  A leopard gecko zombie (D:5)
  2 orc zombies (D:4)
  2 quokka zombies (D:5)
  9 rats
289 creatures vanquished.

Vanquished Creatures (others)
  An orc wizard (D:4)
  An orc (D:4)
2 creatures vanquished.

Grand Total: 291 creatures vanquished

Notes
Turn   | Place    | Note
-------+----------+-------------------------------------------
     0 | D:1      | hilaritas the Felid Fighter began the quest for the Orb.
     0 | D:1      | Reached XP level 1. HP: 10/10 MP: 2/2
   105 | D:1      | Reached XP level 2. HP: 14/14 MP: 3/3
   427 | D:1      | Reached skill level 1 in Stealth
   430 | D:1      | Reached XP level 3. HP: 3/17 MP: 4/4
   848 | D:1      | Reached skill level 5 in Unarmed Combat
  1581 | D:2      | Reached XP level 4. HP: 21/21 MP: 5/5
  1744 | D:2      | Found a faded altar of an unknown god.
  2112 | D:2      | Reached XP level 5. HP: 24/24 MP: 6/6
  2161 | D:2      | Found a bloodstained altar of Trog.
  2202 | D:2      | Became a worshipper of Trog the Wrathful
  2814 | D:3      | Noticed Natasha
  2822 | D:3      | Killed Natasha
  3145 | D:3      | Reached * piety under Trog
  3145 | D:3      | Gained mutation: You are covered in thick fur. (AC +2) [Felid growth]
  3145 | D:3      | Reached XP level 6. HP: 28/28 MP: 7/7
  4333 | D:4      | Found a white marble altar of Elyvilon.
  4350 | D:4      | Noticed Robin
  4385 | D:4      | Killed Robin
  4447 | D:4      | Found a deep blue altar of Sif Muna.
  4468 | D:4      | Found a sparkling altar of Nemelex Xobeh.
  4480 | D:4      | Slain by an ogre
  4481 | D:4      | Reached XP level 5. HP: -1/36 MP: 6/6
  4495 | D:4      | Noticed Duvessa
  4495 | D:4      | Noticed Dowan
  4500 | D:4      | Killed Dowan
  4500 | D:4      | Reached XP level 6. HP: 28/28 MP: 7/7
  4516 | D:4      | Killed Duvessa
  4850 | D:4      | Found a stormy altar of Qazlal.
  4859 | D:4      | Reached skill level 5 in Stealth
  5006 | D:4      | Reached XP level 7. HP: 31/31 MP: 8/8
  5089 | D:4      | Found a sacrificial altar of Ru.
  5265 | D:4      | Found a glowing golden altar of the Shining One.
  5270 | D:4      | Noticed Blork the orc
  5288 | D:4      | Reached ** piety under Trog
  5345 | D:4      | Killed Blork the orc
  5562 | D:4      | You fall through a shaft for 3 floors!
  5586 | D:7      | Found a staircase to the Ecumenical Temple.
  5586 | D:7      | Noticed Prince Ribbit
  5600 | D:7      | Killed Prince Ribbit
  5600 | D:7      | Reached XP level 8. HP: 25/34 MP: 9/9
  5618 | D:7      | HP: 1/34 [killer bee (1)]
  5625 | D:7      | Reached skill level 10 in Unarmed Combat
  5963 | D:6      | Reached skill level 5 in Dodging
  5976 | D:6      | Noticed Natasha
  5986 | D:6      | Killed Natasha
  6092 | D:5      | Entered Level 5 of the Dungeon
  6099 | D:5      | Found a shadowy altar of Dithmenos.
  6580 | D:4      | Noticed Menkaure
  6589 | D:4      | Killed Menkaure
  6667 | D:5      | Reached XP level 9. HP: 39/39 MP: 10/10
  6776 | D:5      | Found a burning altar of Makhleb.
  6776 | D:5      | Found a glowing silver altar of Zin.
  6777 | D:5      | Noticed an angel
  6777 | D:5      | Noticed a balrug
  6866 | D:5      | Noticed Ymberto's ghost (novice DEFE)
  7032 | D:5      | Killed Ymberto's ghost
  7032 | D:5      | Reached skill level 5 in Fighting
  7254 | D:6      | Found a hide-covered altar of Uskayaw.
  7255 | D:6      | Noticed Natasha
  7258 | D:6      | Killed Natasha
  7743 | D:6      | HP: 3/60 [orc wizard/magic dart (7)]
  7744 | D:6      | Reached skill level 10 in Stealth
  7747 | D:6      | HP: 1/60 [orc wizard/magic dart (5)]
  7752 | D:6      | Killed from afar by an orc wizard
  7753 | D:6      | Reached XP level 8. HP: -2/55 MP: 9/9
  7810 | D:6      | Reached *** piety under Trog
  7929 | D:6      | Noticed Eustachio
  7936 | D:6      | Killed Eustachio
  8273 | D:7      | Found Retirgh's Antique Armour Boutique.
  8296 | D:7      | Reached XP level 9. HP: 21/41 MP: 10/10
  8562 | D:7      | Noticed Thaneod's ghost (novice MiFi)
  8587 | D:7      | Killed Thaneod's ghost
  8733 | D:7      | Found a radiant altar of Vehumet.
  8848 | D:8      | Noticed a two-headed ogre
  8851 | D:8      | Killed a two-headed ogre
  8851 | D:8      | Reached skill level 10 in Dodging
  9579 | D:9      | Reached XP level 10. HP: 48/48 MP: 11/11
  9978 | D:9      | Found a staircase to the Orcish Mines.
 10013 | D:9      | Reached **** piety under Trog
 10048 | D:9      | Found a roughly hewn altar of Beogh.
 10226 | D:9      | Found a snail-covered altar of Cheibriados.
 10431 | D:10     | Entered Level 10 of the Dungeon
 10555 | D:10     | Noticed Sonja
 10560 | D:10     | Cast into level 2 of the Abyss (Sonja)
 10606 | Abyss:2  | Noticed a large abomination
 10612 | Abyss:2  | Noticed a tentacled starspawn
 10621 | Abyss:2  | Annihilated by a large abomination
 10622 | Abyss:2  | Reached XP level 9. HP: -28/67 MP: 10/10
 10694 | Abyss:2  | Identified Wumih's Compendium of Stones
 10696 | Abyss:2  | Noticed a wretched star
 10702 | Abyss:2  | Slain by a large abomination

Skill      XL: |  1  2  3  4  5  6  7  8  9 10 |
---------------+-------------------------------+-----
Stealth        | 1 2 3 5 8 10 | 10.8
Unarmed Combat | 5 6 8 9 10 | 10.0
Fighting       | 4 7 9 |  9.7
Dodging        | 6 10 | 10.3

Action                   |  1- 3 |  4- 6 |  7- 9 | 10-12 || total
-------------------------+-------+-------+-------+-------++-------
Melee: Unarmed           |    98 |   195 |   404 |   154 ||   851
       Bite              |     9 |    15 |    32 |    14 ||    70
       Punch             |       |    10 |    13 |     9 ||    32
Invok: Berserk           |       |     4 |     8 |     1 ||    13
       Trog's Hand       |       |       |    10 |     4 ||    14
  Use: Potion            |     1 |     1 |     3 |       ||     5
       Scroll            |       |     8 |     5 |       ||    13
 Stab: Sleeping          |    11 |    14 |    27 |     3 ||    55
       Distracted        |     1 |       |     3 |     1 ||     5
  Eat: Chunk             |     9 |    10 |    29 |     3 ||    51
Armor: Skin              |       |    18 |    71 |     8 ||    97
Dodge: Dodged            |    67 |   124 |   302 |   106 ||   599
